 Dungeon Crawl Stone Soup version 0.29.1-1-gd02db6906a (webtiles) character file.

Game seed: 1667645334225707727

87 GeoRichter the Cudgeller (level 4, -1/27 (33) HPs)
             Began as a Demonspawn Gladiator on Oct 17, 2022.
             Was a Believer of Vehumet.
             Succumbed to an adder's poison
             ... on level 3 of the Dungeon.
             The game lasted 00:03:41 (2828 turns).

GeoRichter the Cudgeller (Demonspawn Gladiator)     Turns: 2828, Time: 00:03:41

HP:   -1/27 (33)    AC:  4    Str: 14    XL:     4   Next: 28%
MP:   14/15         EV: 12    Int: 12    God:    Vehumet [**....]
Gold: 144           SH:  4    Dex: 14    Spells: 5/6 levels left

rFire   . . .      SeeInvis .   a - +0 flail
rCold   . . .      Faith    .   (no shield)
rNeg    . . .      Spirit   .   b - +0 leather armour
rPois   .          Reflect  .   c - +0 helmet
rElec   .          Harm     .   (no cloak)
rCorr   .          Rampage  .   (no gloves)
Will    .....                   (no boots)
Stlth   +.........              (no amulet)
HPRegen 0.09/turn               h - ring of magical power
MPRegen 0.14/turn               (no ring)

@: lethally poisoned (-1 -> -7), very slightly contaminated, heavily drained
A: condensation shield
a: Renounce Religion


You were on level 3 of the Dungeon.
You worshipped Vehumet.
Vehumet was pleased with you.
You visited 1 branch of the dungeon, and saw 3 of its levels.

You collected 144 gold pieces.

Inventory:

Hand Weapons
 a - a +0 flail (weapon)
Missiles
 d - 3 throwing nets (quivered) {!f}
 e - a javelin
Armour
 b - a +0 leather armour (worn)
 c - a +0 helmet (worn)
Jewellery
 h - a ring of magical power (left hand)
   (You found it on level 1 of the Dungeon)
Scrolls
 i - 4 scrolls of identify {unknown}
 m - a scroll of silence {unknown}
Potions
 f - 2 potions of attraction {unknown}
 g - a potion of might {unknown}
 j - a potion of lignification {unknown}
 k - 2 potions of resistance {unknown}
 l - a potion of curing {unknown}
 n - a potion of haste {unknown}


   Skills:
 - Level 2.1 Fighting
 - Level 3.0 Maces & Flails
 - Level 1.7 Throwing
 - Level 2.6 Dodging
 + Level 1.6 Spellcasting
 * Level 2.8 Conjurations


You had 5 spell levels left.
You knew the following spells:

 Your Spells              Type           Power      Damage    Failure   Level
a - Foxfire               Conj/Fire      16%        2x1d4     21%         1

Your spell library contained the following spells:

 Spells                   Type           Power      Damage    Failure   Level
 Shock                    Conj/Air       16%        1d4       21%         1
 Sublimation of Blood     Necr           0%         N/A       50%         2
 Wereblood                Tmut           0%         N/A       50%         2
 Gell's Gravitas          Tloc           0%         N/A       73%         3
 Lesser Beckoning         Tloc           0%         N/A       73%         3
 Teleport Other           Tloc           0%         N/A       73%         3
 Summon Hydra             Summ           0%         N/A       100%        7


Dungeon Overview and Level Annotations

Branches:
Dungeon (3/15) Zot: 15138

Altars:
Trog
Vehumet

Shops:
D:1 !   D:2 (


Innate Abilities, Weirdness & Mutations

A meltable shield of frost defends you. (SH +4)


Message History

Vehumet accepts your kill.
No target in view!
Found a scroll labelled ASAR ALEBERURO.
i - 4 scrolls labelled ASAR ALEBERURO (gained 1) As you open the door, it creaks loudly!
Found a bloodstained altar of Trog.
You open the door.
Found 4 gold pieces.
There is an open door here.
There is a bloodstained altar of Trog here.
You now have 144 gold pieces (gained 4).
You open the door.
There is an open door here.
A worm is nearby!
A worm is nearby!
A worm is nearby!
A worm is nearby!
You miscast Foxfire.
You are very lightly contaminated with residual magic.
Nothing appears to happen.
You conjure some foxfire!
You miscast Foxfire.
Nothing appears to happen.
The foxfire hits the worm. x2
The worm closely misses you.
You miscast Foxfire.
Nothing appears to happen.
You conjure some foxfire!
The worm bites you.
You hit the worm.
The foxfire hits the worm. x2; You block the worm's attack.
You hit the worm. You barely miss the worm. You block the worm's attack.
You sock the worm! The worm bites you.
You hit the worm. The worm bites you.
* * * LOW HITPOINT WARNING * * *
You hit the worm.
An adder comes into view.
You barely miss the worm.
The adder hisses angrily.
The worm bites you but does no damage.
Unknown command.
You hit the worm. The worm bites you.
* * * LOW HITPOINT WARNING * * *
You barely miss the worm. The worm bites you!
* * * LOW HITPOINT WARNING * * *
You hit the worm but do no damage. You thump the worm!
You kill the worm!
Vehumet accepts your kill.
You feel your power returning. The adder bites you.
* * * LOW HITPOINT WARNING * * *
You are lethally poisoned!
The adder poisons you! The adder barely misses you.
You die...

...........#.#...#.##..#
#####......#.#._.#.###.# #
#......#.#...#.#...#
#####......'.......'...#####
........##.####+####.........
........##.............######
........#######........###
........### #..........#
......).#.+ #S@#####...#
........#.# #..........#
..........#####..........#
.................>......##
..####......###.#.#####.# ..#
#....)..# ..#... ..#
#..~~~..##.##....
..###..~~~.....# ......
..+....~~~....... ####.


You could see an adder.

Vanquished Creatures
  A hound (D:2)
  A worm (D:3)
  An orc (D:3)
  4 ball pythons (D:1)
  An endoplasm (D:3)
  7 giant cockroaches
  8 goblins
  4 hobgoblins
  2 jackals (D:1)
  A quokka (D:1)
  2 bats
  3 frilled lizards (D:1)
  6 kobolds
  7 rats
48 creatures vanquished.

Vanquished Creatures (others)
  5 foxfires
5 creatures vanquished.

Grand Total: 53 creatures vanquished

Notes
Turn   | Place    | Note
-------+----------+-------------------------------------------
     0 | D:1      | GeoRichter the Demonspawn Gladiator began the quest for the
                  | Orb.
     0 | D:1      | Reached XP level 1. HP: 16/16 MP: 1/1
   119 | D:1      | Found a faded altar of an unknown god.
   130 | D:1      | Reached skill level 3 in Maces & Flails
   137 | D:1      | Prayed at the altar of an unknown god.
   137 | D:1      | Became a worshipper of Vehumet
   137 | D:1      | Reached * piety under Vehumet
   137 | D:1      | Offered knowledge of Foxfire by Vehumet.
   246 | D:1      | Gained mutation: A meltable shield of frost defends you.
                  | (SH +4) [demonic ancestry]
   246 | D:1      | Reached XP level 2. HP: 22/22 MP: 2/2
   572 | D:1      | Reached skill level 1 in Conjurations
   967 | D:1      | Found Leigemi's Distillery.
  1104 | D:1      | Reached XP level 3. HP: 16/27 MP: 4/4
  1566 | D:1      | Learned a level 1 spell: Foxfire
  1569 | D:2      | Reached skill level 1 in Spellcasting
  1839 | D:2      | Found Fibytil's Weapon Shoppe.
  1864 | D:2      | Reached XP level 4. HP: 24/33 MP: 6/6
  2342 | D:3      | Reached ** piety under Vehumet
  2457 | D:3      | Offered knowledge of Shock by Vehumet.
  2782 | D:3      | Found a bloodstained altar of Trog.
  2827 | D:3      | HP: 1/27 [adder (2)]
  2828 | D:3      | Succumbed to an adder's poison

Illustrated notes

Levels and vault maps discovered:
D:1:      dpeg_arrival_pits, layout_basic, serial_corexii_hall,
          corexii_hall_statues_x, chequers_hall_statues_wall_a,
          basic_ecumenical_altar, serial_shops, shop, due_unseen_surprise
D:2:      layout_loops_ring, serial_shops, nicolae_shop_trees
D:3:      layout_basic, mainiacjoe_overflow_24_doors,
          mainiacjoe_overflow_six_doors_small, minivault_25,
          serial_park_tiny_pond, minmay_ogre_servants

Skill      XL: |  1  2  3 |
---------------+----------+-----
Maces & Flails | 3 |  3.0
Conjurations   | 1 2 |  2.8
Spellcasting   | 1 |  1.6
Fighting       | |  2.1
Throwing       | |  1.7
Dodging        | |  2.6

Action                   |  1- 3 |  4- 6 || total
-------------------------+-------+-------++-------
Melee: Flail             |    89 |    43 ||   132
       Punch             |       |     2 ||     2
 Cast: Foxfire           |     1 |     2 ||     3
 Stab: Sleeping          |     1 |       ||     1
Armor: Leather armour    |    24 |    10 ||    34
Dodge: Dodged            |    58 |    21 ||    79
Block: Other             |    17 |     7 ||    24
